[Event "ICC tourney 2077 (75 10)"]
[Site "Internet Chess Club"]
[Date "2020.10.25"]
[Round "6"]
[White "TanitoluwaA"]
[Black "IndianTerritory"]
[Result "0-1"]
[ICCResult "White checkmated"]
[WhiteElo "1936"]
[BlackElo "2086"]
[Opening "Queen's pawn"]
[ECO "A40"]
[NIC "QO.17"]
[Time "18:01:55"]
[PlyCount "126"]
[TimeControl "4500+10"]

1. d4 c6 2. Bf4 d5 3. c4 Nf6 4. e3 Bf5 5. Nc3 Qb6 6. Qb3 Qxb3 7. axb3 Na6
8. Rxa6 bxa6 9. cxd5 Nxd5 10. Nxd5 cxd5 11. Bxa6 Bc8 12. Bb5+ Bd7 13. Ba6
e6 14. Bb7 Bb4+ 15. Kd1 Rd8 16. Bc7 Bb5 17. Bxd8 Kxd8 18. Ne2 Kc7 19. Nc3
Bxc3 20. bxc3 Kxb7 21. Kd2 Rc8 22. Rb1 a6 23. f3 f5 24. h4 Kc7 25. g3 Kd6
26. f4 Rc7 27. Ra1 g6 28. Rc1 a5 29. Ra1 Ra7 30. Rc1 a4 31. c4 dxc4 32.
bxc4 Bc6 33. Rb1 a3 34. Kc3 a2 35. Ra1 Ra3+ 36. Kd2 Bf3 37. Kc2 Bd5 38.
cxd5 Kxd5 39. Kd2 Ke4 40. Kc2 Rxe3 41. Rxa2 Re2+ 42. Kb3 Rxa2 43. Kxa2 Kxd4
44. Kb3 e5 45. fxe5 Kxe5 46. Kc2 Ke4 47. Kd2 Kf3 48. Ke1 Kxg3 49. Kf1 Kxh4
50. Kg1 g5 51. Kh1 f4 52. Kg1 g4 53. Kf1 Kg3 54. Kg1 h5 55. Kf1 h4 56. Kg1
h3 57. Kh1 f3 58. Kg1 Kf4 59. Kh1 g3 60. Kg1 g2 61. Kh2 f2 62. Kxh3 g1=Q
63. Kh4 Qh2# { White checkmated } 0-1

[Event "ICC tourney 2077 (75 10)"]
[Site "Internet Chess Club"]
[Date "2020.10.25"]
[Round "6"]
[White "Chessking2008"]
[Black "aplusk"]
[Result "0-1"]
[ICCResult "White checkmated"]
[WhiteElo "2175"]
[BlackElo "2594"]
[Opening "English: Caro-Kann defensive system"]
[ECO "A11"]
[NIC "EO.64"]
[Time "18:03:11"]
[PlyCount "122"]
[TimeControl "4500+10"]

1. c4 c6 2. Nc3 d5 3. d4 Nf6 4. Bg5 Ne4 5. Nxe4 dxe4 6. Qd2 f6 7. Bf4 e5 8.
dxe5 Qxd2+ 9. Bxd2 fxe5 10. e3 Na6 11. O-O-O Bd6 12. Ne2 Nc5 13. Ng3 Bg4
14. Re1 O-O 15. b4 Nd3+ 16. Bxd3 exd3 17. f3 Be6 18. c5 Be7 19. Bc3 a5 20.
b5 cxb5 21. Ne4 Bxa2 22. Bxe5 Rfc8 23. Kd2 Bd5 24. Kxd3 Bxe4+ 25. Kxe4 Rxc5
26. Rd1 Rc4+ 27. Rd4 Rxd4+ 28. exd4 a4 29. Kd3 b4 30. d5 b5 31. d6 Rd8 32.
Kd4 b3 33. Kc5 Bxd6+ 34. Bxd6 Rxd6 35. Kxd6 b2 36. Re1 h6 37. Rb1 a3 38. h3
b4 39. Kc5 a2 40. Rxb2 a1=Q 41. Rxb4 Qe5+ 42. Kc6 Qf6+ 43. Kd7 Qf7+ 44. Kc6
Qg6+ 45. Kc5 Qxg2 46. h4 Qxf3 47. Rd4 Kf7 48. Kd6 Qf6+ 49. Kd5 Qxd4+ 50.
Kxd4 Kg6 51. Ke4 Kh5 52. Kf5 Kxh4 53. Kg6 h5 54. Kxg7 Kg5 55. Kg8 h4 56.
Kg7 h3 57. Kg8 h2 58. Kg7 h1=Q 59. Kf8 Qb7 60. Kg8 Kf6 61. Kh8 Qg7# { White
checkmated } 0-1

[Event "ICC tourney 2077 (75 10)"]
[Site "Internet Chess Club"]
[Date "2020.10.25"]
[Round "6"]
[White "savchess06"]
[Black "CoolBoy2020"]
[Result "1/2-1/2"]
[ICCResult "Game drawn by mutual agreement"]
[WhiteElo "2080"]
[BlackElo "2186"]
[Opening "Sicilian: Kan, Maróczy bind (Réti variation)"]
[ECO "B41"]
[NIC "SI.41"]
[Time "18:02:11"]
[PlyCount "73"]
[TimeControl "4500+10"]

1. e4 c5 2. Nf3 e6 3. d4 cxd4 4. Nxd4 a6 5. c4 Nf6 6. Nc3 Qc7 7. Be3 Bb4 8.
Qd3 d5 9. exd5 exd5 10. Rc1 O-O 11. a3 dxc4 12. Qxc4 Qxc4 13. Bxc4 Bd6 14.
h3 Re8 15. O-O Nbd7 16. Rfd1 Ne5 17. Ba2 Ng6 18. Nd5 Nxd5 19. Bxd5 Be5 20.
b4 Rb8 21. Bb3 Bd7 22. Nf3 Bc6 23. Nxe5 Rxe5 24. Rd2 Rbe8 25. Rcd1 a5 26.
Rd8 axb4 27. Rxe8+ Rxe8 28. axb4 Nh4 29. Bd5 Ba4 30. Rc1 Nf5 31. Rc7 Re7
32. Rxe7 Nxe7 33. Bxb7 Bb5 34. Kh2 Nc6 35. Bc5 f6 36. Kg3 Kf7 37. Kf4 {
Game drawn by mutual agreement } 1/2-1/2

[Event "ICC tourney 2077 (75 10)"]
[Site "Internet Chess Club"]
[Date "2020.10.25"]
[Round "6"]
[White "tcao"]
[Black "investigator"]
[Result "1/2-1/2"]
[ICCResult "Game drawn because neither player has mating material"]
[WhiteElo "2062"]
[BlackElo "2099"]
[Opening "Pirc: Austrian attack"]
[ECO "B09"]
[NIC "PU.06"]
[Time "18:02:25"]
[PlyCount "82"]
[TimeControl "4500+10"]

1. e4 d6 2. d4 Nf6 3. Nc3 g6 4. f4 Bg7 5. Nf3 O-O 6. Be2 c5 7. dxc5 Qa5 8.
O-O Qxc5+ 9. Kh1 Nc6 10. a3 Rd8 11. Qd3 d5 12. b4 Qb6 13. e5 Bf5 14. Qd1
Ne4 15. Nxd5 Rxd5 16. Qxd5 Nf2+ 17. Rxf2 Qxf2 18. Qd2 Rd8 19. Qe3 Qxe3 20.
Bxe3 Bxc2 21. b5 Na5 22. Bxa7 Nb3 23. Re1 Ra8 24. Nd4 Nxd4 25. Bxd4 Rxa3
26. Bc5 Ra4 27. g3 f6 28. Bf3 Ra5 29. exf6 Bxf6 30. Bxe7 Bxe7 31. Rxe7 Rxb5
32. Rxb7 Rxb7 33. Bxb7 h6 34. Kg2 Kf7 35. Kf3 Kf6 36. g4 g5 37. fxg5+ Kxg5
38. Kg3 Bd1 39. h4+ Kf6 40. g5+ hxg5 41. hxg5+ Kxg5 { Game drawn because
neither player has mating material } 1/2-1/2

[Event "ICC tourney 2077 (75 10)"]
[Site "Internet Chess Club"]
[Date "2020.10.25"]
[Round "6"]
[White "hollyelf"]
[Black "BranKing"]
[Result "0-1"]
[ICCResult "White checkmated"]
[WhiteElo "2052"]
[BlackElo "2124"]
[Opening "Sicilian: Pelikan, Chelyabinsk variation"]
[ECO "B33"]
[NIC "SI.37"]
[Time "18:02:41"]
[PlyCount "88"]
[TimeControl "4500+10"]

1. e4 c5 2. Nf3 Nc6 3. d4 cxd4 4. Nxd4 Nf6 5. Nc3 e5 6. Ndb5 d6 7. Bg5 a6
8. Na3 b5 9. Nd5 Be7 10. Bxf6 Bxf6 11. c3 Bg5 12. Nc2 O-O 13. Bd3 g6 14.
O-O Ne7 15. Nce3 Be6 16. c4 Nxd5 17. Nxd5 Bxd5 18. cxd5 f5 19. a4 Rb8 20.
axb5 axb5 21. exf5 gxf5 22. Qh5 e4 23. Ra7 Be7 24. Re1 Rf7 25. Bf1 Qb6 26.
Rea1 Rbf8 27. R1a3 b4 28. Rg3+ Kh8 29. Ra8 Bd8 30. Ra6 Qc5 31. Rc6 Qd4 32.
Rxd6 Bc7 33. Qh6 Bxd6 34. Qxd6 f4 35. Rb3 e3 36. Rxb4 exf2+ 37. Kh1 Qd1 38.
Qa6 Ra7 39. Qf6+ Rxf6 40. Rb8+ Kg7 41. Rb7+ Rxb7 42. h4 Qxf1+ 43. Kh2 Rg6
44. h5 Qxg2# { White checkmated } 0-1

[Event "ICC tourney 2077 (75 10)"]
[Site "Internet Chess Club"]
[Date "2020.10.25"]
[Round "6"]
[White "Chessulanru2020"]
[Black "town"]
[Result "1/2-1/2"]
[ICCResult "Game drawn by repetition"]
[WhiteElo "2248"]
[BlackElo "2137"]
[Opening "Réti opening"]
[ECO "A11"]
[NIC "QP.09"]
[Time "18:01:56"]
[PlyCount "108"]
[TimeControl "4500+10"]

1. Nf3 d5 2. c4 c6 3. e3 Nf6 4. b3 g6 5. Bb2 Bg7 6. Qc2 O-O 7. d3 a5 8. a3
Bg4 9. Nbd2 Nbd7 10. h3 Bxf3 11. Nxf3 Re8 12. d4 e6 13. Bd3 Rc8 14. c5 b5
15. O-O Qc7 16. Ne5 Qa7 17. b4 axb4 18. axb4 Qb7 19. Ra3 Ra8 20. Rfa1 Rxa3
21. Rxa3 Ra8 22. Qb3 Rxa3 23. Qxa3 Ne8 24. Qa5 Nxe5 25. dxe5 Qc7 26. Qa8
Kf8 27. f4 Ke7 28. e4 Qd7 29. Qa1 Nc7 30. f5 Bh6 31. f6+ Kd8 32. Kh1 Kc8
33. Bc3 Kb7 34. Qe1 d4 35. Bd2 Bxd2 36. Qxd2 Na6 37. Qb2 Nb8 38. g4 Qc7 39.
Qxd4 Nd7 40. Kg2 Nxe5 41. g5 Kc8 42. Be2 Nd7 43. h4 Qf4 44. Qa1 Qxh4 45.
Qa6+ Kc7 46. Qa7+ Kc8 47. Qa6+ Kb8 48. Qxc6 Qxg5+ 49. Kh1 Qh4+ 50. Kg2 Qg5+
51. Kh1 Qh4+ 52. Kg2 Qg5+ 53. Kh1 Qh4+ 54. Kg2 Qg5+ { Game drawn by
repetition } 1/2-1/2

[Event "ICC tourney 2077 (75 10)"]
[Site "Internet Chess Club"]
[Date "2020.10.25"]
[Round "6"]
[White "arsenicblast"]
[Black "DonaldJ"]
[Result "0-1"]
[ICCResult "White resigns"]
[WhiteElo "2005"]
[BlackElo "2073"]
[Opening "Sicilian: Najdorf"]
[ECO "B90"]
[NIC "SI.14"]
[Time "18:02:41"]
[PlyCount "122"]
[TimeControl "4500+10"]

1. e4 c5 2. Nf3 d6 3. d4 cxd4 4. Nxd4 Nf6 5. Nc3 a6 6. f3 e5 7. Nb3 Be6 8.
Be3 Nbd7 9. Qd2 Be7 10. O-O-O O-O 11. g4 b5 12. g5 Nh5 13. Rg1 Nb6 14. Qf2
Rb8 15. Nd5 Bxd5 16. exd5 Nc4 17. Bxc4 bxc4 18. Na1 Qa5 19. a3 c3 20. Nb3
cxb2+ 21. Kxb2 Rfc8 22. Qd2 Qb5 23. Rg4 a5 24. a4 Qd7 25. Qd3 f5 26. gxf6
Nxf6 27. Rc4 Rxc4 28. Qxc4 Rb4 29. Qc6 Rxa4 30. Bb6 Rh4 31. Bxa5 Rxh2 32.
Rd3 h5 33. Nd2 Qa7 34. Qb5 Rh1 35. Ne4 Qg1 36. Kc3 Nxe4+ 37. fxe4 Qe1+ 38.
Kb3 Qb1+ 39. Kc4 Qxc2+ 40. Bc3 Rb1 41. Qe8+ Bf8 42. Qe6+ Kh8 43. Rd2 Qxe4+
44. Bd4 Rc1+ 45. Kb5 Qb1+ 46. Bb2 Rc5+ 47. Kb6 Qa2 48. Qh6+ gxh6 49. Bxe5+
dxe5 50. Rxa2 Rxd5 51. Re2 Bg7 52. Kc6 Rd4 53. Kc5 Kh7 54. Re1 h4 55. Rh1
Kg6 56. Rg1+ Kf7 57. Rh1 Ke6 58. Rg1 Bf6 59. Rg6 h3 60. Rxh6 Rh4 61. Rxh4
Bxh4 { White resigns } 0-1

[Event "ICC tourney 2077 (75 10)"]
[Site "Internet Chess Club"]
[Date "2020.10.25"]
[Round "6"]
[White "hoshibosh"]
[Black "SkyAngel"]
[Result "1-0"]
[ICCResult "Black resigns"]
[WhiteElo "2156"]
[BlackElo "2161"]
[Opening "Caro-Kann: advance variation"]
[ECO "B12"]
[NIC "CK.02"]
[Time "18:01:53"]
[PlyCount "79"]
[TimeControl "4500+10"]

1. e4 c6 2. d4 d5 3. e5 c5 4. c3 Nc6 5. Nf3 Bg4 6. Bb5 e6 7. O-O Qb6 8.
Bxc6+ Qxc6 9. Be3 Ne7 10. dxc5 Ng6 11. Qd4 Bxf3 12. gxf3 Ne7 13. b4 Nf5 14.
Qd3 Be7 15. Na3 O-O 16. Nb5 a5 17. a4 b6 18. cxb6 axb4 19. a5 Nxe3 20. fxe3
bxc3 21. Rfb1 c2 22. Rc1 Bb4 23. Rxc2 Qb7 24. Nd6 Qe7 25. f4 Bxd6 26. exd6
Qxd6 27. b7 Ra7 28. a6 Qb6 29. Qd4 Rxa6 30. Qxb6 Rxb6 31. Ra8 Rxb7 32. Rcc8
g6 33. Rxf8+ Kg7 34. Rfb8 Rc7 35. Ra2 h5 36. Kf2 Kf6 37. Kf3 Kf5 38. Rab2
Kf6 39. R2b7 Rc2 40. Rf8 { Black resigns } 1-0

[Event "ICC tourney 2077 (75 10)"]
[Site "Internet Chess Club"]
[Date "2020.10.25"]
[Round "6"]
[White "dopolian"]
[Black "jy2020"]
[Result "1-0"]
[ICCResult "Black checkmated"]
[WhiteElo "2278"]
[BlackElo "2208"]
[Opening "English opening"]
[ECO "A05"]
[NIC "QP.11"]
[Time "18:01:46"]
[PlyCount "165"]
[TimeControl "4500+10"]

1. Nf3 Nf6 2. c4 e6 3. b3 d5 4. Bb2 Be7 5. g3 O-O 6. Bg2 b6 7. O-O Bb7 8.
d3 c5 9. cxd5 Bxd5 10. Nbd2 Bb7 11. Nc4 Nbd7 12. e4 Qc7 13. Qe2 Rad8 14.
Rfd1 b5 15. Ne3 Qb6 16. Rac1 Rc8 17. Ne5 Nxe5 18. Bxe5 Rfd8 19. Qb2 Ne8 20.
a3 Bf6 21. b4 cxb4 22. Rxc8 Rxc8 23. axb4 Bxe5 24. Qxe5 f6 25. Qa1 Nd6 26.
h4 Kf8 27. h5 h6 28. Kh2 Ke7 29. e5 Ne8 30. d4 Bxg2 31. Kxg2 fxe5 32. dxe5
Rd8 33. Rc1 Rd7 34. Qc3 Rc7 35. Qd2 Rxc1 36. Qxc1 Qd4 37. Qa3 Qxe5 38.
Qxa7+ Qc7 39. Qa6 Nd6 40. Qa1 Ne8 41. Ng4 Qc6+ 42. Kg1 Qc7 43. Kh2 Qc2 44.
Qa7+ Qc7 45. Qa6 Nd6 46. Ne5 Qb7 47. Ng6+ Kd7 48. Qa1 Ne8 49. Qd4+ Kc7 50.
Qe5+ Nd6 51. Qxg7+ Kb8 52. Qxh6 Qf3 53. Qf8+ Qxf8 54. Nxf8 e5 55. h6 Nf7
56. h7 Nh8 57. f4 exf4 58. gxf4 Kc7 59. f5 Kd6 60. Ng6 Nf7 61. h8=Q Nxh8
62. Nxh8 Ke5 63. Nf7+ Kxf5 64. Nd6+ Ke5 65. Nxb5 Kd5 66. Na3 Kd4 67. b5 Kc5
68. Kg3 Kb6 69. Kf4 Kc5 70. Ke5 Kb6 71. Kd6 Kb7 72. Kc5 Kc7 73. b6+ Kb7 74.
Kb5 Kb8 75. Kc6 Kc8 76. b7+ Kb8 77. Nc4 Ka7 78. Kc7 Ka6 79. Ne3 Kb5 80.
b8=Q+ Ka4 81. Qb2 Ka5 82. Qb3 Ka6 83. Qa4# { Black checkmated } 1-0

[Event "ICC tourney 2077 (75 10)"]
[Site "Internet Chess Club"]
[Date "2020.10.25"]
[Round "6"]
[White "Yooper"]
[Black "PawnEatingZombi"]
[Result "1/2-1/2"]
[ICCResult "Game drawn because neither player has mating material"]
[WhiteElo "2031"]
[BlackElo "2219"]
[Opening "French defense, Steiner variation"]
[ECO "A13"]
[NIC "EO.64"]
[Time "18:01:51"]
[PlyCount "121"]
[TimeControl "4500+10"]

1. c4 e6 2. e4 c5 3. Nc3 b6 4. g3 Bb7 5. Bg2 d6 6. Nge2 Nf6 7. d4 cxd4 8.
Nxd4 a6 9. O-O Qc7 10. Qe2 Be7 11. Be3 Nbd7 12. h3 Rc8 13. b3 O-O 14. Rac1
Qb8 15. Rfd1 Rfe8 16. Kh2 Nc5 17. f3 Ncd7 18. Qf2 Ba8 19. h4 h5 20. Bh3 Bf8
21. Rc2 Ne5 22. a4 Rcd8 23. Bf4 Ned7 24. Nde2 Ne5 25. Rcd2 Nfd7 26. Be3 Nc5
27. Nd4 Rc8 28. Qe2 g6 29. Bg2 Bg7 30. Bf2 d5 31. exd5 exd5 32. Nxd5 Bxd5
33. cxd5 Ng4+ 34. fxg4 Rxe2 35. Rxe2 Qd6 36. gxh5 Rf8 37. hxg6 fxg6 38. Nf3
Nd7 39. Re6 Qb4 40. Rxg6 Rxf3 41. Bxf3 Ne5 42. Rxg7+ Kxg7 43. Bd4 Qxd4 44.
Rxd4 Nxf3+ 45. Kh3 Nxd4 46. b4 Nc2 47. b5 axb5 48. axb5 Nd4 49. Kg4 Nxb5
50. Kf5 Nd6+ 51. Ke6 Nf7 52. d6 b5 53. Kd5 Nxd6 54. Kc5 Kg6 55. g4 Kf6 56.
h5 Kg5 57. Kb4 Kxg4 58. h6 Kg5 59. h7 Nf7 60. h8=Q Nxh8 61. Kxb5 { Game
drawn because neither player has mating material } 1/2-1/2

[Event "ICC tourney 2077 (75 10)"]
[Site "Internet Chess Club"]
[Date "2020.10.25"]
[Round "6"]
[White "Openyagami"]
[Black "GGuseinov"]
[Result "1/2-1/2"]
[ICCResult "Game drawn because neither player has mating material"]
[WhiteElo "2580"]
[BlackElo "2709"]
[Opening "King's Indian: Makagonov system (5.h3)"]
[ECO "E71"]
[NIC "KI.30"]
[Time "18:01:48"]
[PlyCount "121"]
[TimeControl "4500+10"]

1. d4 Nf6 2. c4 g6 3. Nc3 Bg7 4. e4 d6 5. h3 O-O 6. Be3 Na6 7. Nf3 e5 8. d5
Nc5 9. Nd2 a5 10. Be2 c6 11. O-O Bd7 12. b3 Ne8 13. a3 f5 14. b4 Nxe4 15.
Ndxe4 fxe4 16. Nxe4 axb4 17. axb4 Rxa1 18. Qxa1 cxd5 19. cxd5 Bf5 20. Ng5
Qe7 21. Qa2 Nc7 22. Rc1 Bf6 23. Qa5 Bxg5 24. Rxc7 Qf6 25. Qb6 Bxe3 26. Qxe3
Rf7 27. Qb6 Be4 28. Rxf7 Qxf7 29. Qxd6 Qxd5 30. Qc7 b5 31. Qe7 h5 32. Qe8+
Kg7 33. Qxb5 Bxg2 34. Qxd5 Bxd5 35. b5 Kf6 36. b6 Bb7 37. f3 Kg5 38. Kf2
Kf4 39. h4 e4 40. fxe4 Bxe4 41. Bd3 Bb7 42. Bxg6 Kg4 43. Ke3 Kxh4 44. Kf4
Ba6 45. Bd3 Bb7 46. Be2 Bc8 47. Ke5 Kg5 48. Kd6 Bb7 49. Kc7 Bg2 50. Bb5 h4
51. Bd7 Bf3 52. Kd6 Kf6 53. Bg4 Bg2 54. Bd7 Bf3 55. Bc6 Bxc6 56. Kxc6 h3
57. b7 h2 58. b8=Q h1=Q+ 59. Kb6 Qb1+ 60. Kc7 Qxb8+ 61. Kxb8 { Game drawn
because neither player has mating material } 1/2-1/2

[Event "ICC tourney 2077 (75 10)"]
[Site "Internet Chess Club"]
[Date "2020.10.25"]
[Round "6"]
[White "WonderZ"]
[Black "JosephLevine"]
[Result "1-0"]
[ICCResult "Black checkmated"]
[WhiteElo "2122"]
[BlackElo "2116"]
[Opening "QGD: exchange, positional line, 5...c6"]
[ECO "D35"]
[NIC "QO.16"]
[Time "18:01:51"]
[PlyCount "139"]
[TimeControl "4500+10"]

1. d4 d5 2. c4 e6 3. Nc3 Nf6 4. cxd5 exd5 5. Bg5 c6 6. e3 Bd6 7. Bd3 O-O 8.
Qc2 h6 9. Bh4 Re8 10. Nge2 Nbd7 11. h3 Nf8 12. O-O Be6 13. Rab1 Rc8 14. b4
Bb8 15. Rfc1 N8d7 16. Qd1 Kh8 17. b5 c5 18. dxc5 Nxc5 19. Bc2 Ncd7 20. Bb3
Ne5 21. Bxf6 Qxf6 22. Nxd5 Bxd5 23. Qxd5 Rcd8 24. Qxb7 Nd3 25. Rf1 Qe5 26.
g3 Qh5 27. Nd4 Qxh3 28. Qg2 Qh5 29. Nc6 Rd6 30. Bd1 Qg5 31. Be2 Bc7 32. a4
Bb6 33. Rbd1 Nxf2 34. Rxd6 Rxe3 35. Nd8 Qc5 36. Qxf2 Rxg3+ 37. Kh2 Qxf2+
38. Rxf2 Bxf2 39. Nxf7+ Kg8 40. Bc4 Rc3 41. Rc6 Kf8 42. Kg2 Bb6 43. Ne5 Ra3
44. Nd7+ Ke7 45. Nxb6 axb6 46. Rxb6 Rxa4 47. Be2 Rb4 48. Rb7+ Kf6 49. b6 g5
50. Rb8 g4 51. b7 Kg7 52. Ba6 h5 53. Rc8 Rb2+ 54. Kg3 Rb3+ 55. Kg2 Rb2+ 56.
Kf1 Rb1+ 57. Ke2 Rb2+ 58. Ke3 Rb3+ 59. Ke4 Rb4+ 60. Ke5 g3 61. b8=Q Rxb8
62. Rxb8 g2 63. Rb1 h4 64. Bc8 Kg6 65. Bh3 Kg5 66. Rg1 Kh5 67. Rxg2 Kh6 68.
Kf6 Kh5 69. Rg8 Kh6 70. Rh8# { Black checkmated } 1-0